Map: Divergencia EE

Players

MrFercho

  • Race: Zerg Zerg
  • League: Gold
  • Spawn Location: 5:00

tigro

  • Race: Terran Terran
  • League: Bronze
  • Spawn Location: 5:00

joosh

  • Race: Terran Terran
  • League: Gold
  • Spawn Location: 11:00

Peruperuperu

  • Race: Terran Terran
  • Spawn Location: 11:00

VOD

Have the link to the VOD?

Description

Time

  • Played on: July 19, 2020, 10:55 p.m.
  • Length: 7:01
Show
View Real Time Build Order
Export as new Build Order

MrFercho Zerg 

Build Orders: Hatch First 

Get SALT Encoding   

  12  0:01  Drone  
  13  0:18  Overlord  
  13  0:19  Drone  
  14  0:36  Drone x2  
  16  0:59  Hatchery  
  16  1:02  Drone x2  
  16  1:03  Drone  
  18  1:17  Extractor  
  17  1:20  Spawning Pool, Drone  
  17  1:24  Drone  
  18  1:35  Drone  
  19  1:54  Overlord  
  19  1:56  Drone  
  20  2:06  Queen  
  22  2:11  Drone x2  
  22  2:12  Queen  
  26  2:26  Zergling x4  
  28  2:31  Metabolic Boost  
  28  2:37  Drone x2  
  28  2:39  Drone  
  31  2:48  Drone  
  31  2:49  Queen  
  34  3:02  Lair  
  34  3:03  Drone  
  34  3:04  Drone  
  36  3:09  Overlord x2  
  36  3:23  Baneling Nest  
  35  3:37  Drone x9  
  44  3:47  Extractor  
  43  3:50  Extractor  
  42  3:58  Zergling x2  
  42  3:59  Zergling x12  
  43  4:21  Zergling x2, Extractor  
  43  4:22  Zergling x2  
  44  4:27  Baneling x7  
  35  5:00  Zergling x6  
  38  5:09  Hatchery  
  37  5:30  Hatchery  
  36  5:43  Zergling x6, Evolution Chamber  
  35  6:04  Spine Crawler  
  34  6:06  Spine Crawler  
  31  6:12  Baneling x3  
  25  6:26  Zergling x2  
  25  6:27  Zergling x8  
Show
View Real Time Build Order
Export as new Build Order

tigro Terran 

Build Orders:  

Get SALT Encoding   

  12  0:03  SCV  
  13  0:15  SCV  
  14  0:27  SCV  
  14  0:28  Supply Depot  
  15  0:36  Refinery  
  16  0:50  SCV  
  16  0:57  Barracks  
  16  1:05  SCV  
  17  1:12  Refinery  
  17  1:17  SCV  
  18  1:29  SCV  
  19  1:41  SCV  
  20  1:47  Marine  
  20  1:53  SCV  
  22  2:05  Marine  
  23  2:08  Factory  
  23  2:25  Supply Depot  
  23  2:30  Orbital Command  
  23  2:46  Marine  
  24  2:54  Factory Tech Lab  
  24  3:02  Barracks  
  24  3:04  Marine  
  25  3:13  SCV  
  25  3:19  Engineering Bay  
  26  3:21  Marine  
  26  3:25  SCV  
  26  3:26  Siege Tank  
  31  3:45  Barracks Reactor  
  31  3:50  Barracks Tech Lab  
  31  3:51  Starport  
  31  3:59  Siege Tank  
  29  4:18  Marine  
  27  4:29  Starport  
  27  4:30  Marine x2  
  29  4:36  Marine  
  29  4:37  Factory Tech Lab  
  26  4:48  Marine x2  
  28  4:54  Marine  
  29  5:06  Marine x2, Siege Tank  
  31  5:12  Marine  
  31  5:13  Starport Tech Lab x2  
  32  5:24  Marine x2  
  34  5:33  Barracks Tech Lab  
  34  5:41  Marine  
  34  5:42  Marine  
  25  5:59  Marine x2  
  24  6:13  Supply Depot  
  22  6:34  Marine  
  22  6:36  Supply Depot  
  22  6:38  Marine x2  
Show
View Real Time Build Order
Export as new Build Order

joosh Terran 

Build Orders:  

Get SALT Encoding   

  12  0:01  SCV  
  13  0:13  SCV  
  14  0:25  SCV  
  14  0:26  Supply Depot  
  15  0:48  SCV  
  16  1:00  SCV  
  16  1:03  Barracks  
  17  1:12  SCV  
  18  1:35  Barracks  
  18  1:36  Barracks  
  18  1:38  Barracks  
  18  1:42  Barracks  
  19  1:50  Orbital Command  
  18  1:55  Marine  
  19  2:13  Marine  
  20  2:16  Supply Depot  
  20  2:20  Supply Depot  
  20  2:35  Marine  
  20  2:36  Marine x2  
  23  2:38  Marine  
  24  2:50  SCV  
  25  2:53  Marine x2  
  25  2:54  Marine  
  25  2:55  Marine  
  25  2:57  Supply Depot  
  29  3:02  SCV  
  30  3:07  Supply Depot  
  30  3:15  SCV  
  30  3:19  Marine x2  
  33  3:22  Marine  
  33  3:27  SCV  
  35  3:31  Marine  
  36  3:37  Marine x2  
  36  3:40  Marine  
  39  3:49  Marine  
  39  3:54  Marine  
  39  3:55  Marine  
  42  3:57  Marine  
  42  4:06  Marine  
  42  4:38  Marine x4  
  30  4:55  Marine  
  30  4:56  Marine x3  
  32  5:13  Marine, SCV  
  32  5:14  Marine x3  
  37  5:25  SCV  
  37  5:26  Marine  
  39  5:31  Marine x2  
  39  5:32  Marine x2  
  43  5:37  SCV  
  44  5:44  Marine  
  44  5:49  Marine x3  
  43  5:50  Marine  
  44  6:01  Marine  
  45  6:07  Marine x4  
  46  6:19  Marine  
  41  6:37  Marine  
  42  6:43  Marine x2  
Show
View Real Time Build Order
Export as new Build Order

Peruperuperu Terran 

Build Orders:  

Get SALT Encoding   

  12  0:02  SCV  
  13  0:14  SCV  
  14  0:21  Supply Depot  
  14  0:26  SCV  
  15  0:43  SCV  
  15  0:45  Supply Depot  
  16  1:01  SCV  
  16  1:02  Barracks  
  17  1:06  Refinery  
  17  1:21  SCV  
  17  1:23  Refinery  
  18  1:33  SCV  
  19  1:45  SCV  
  20  1:48  Supply Depot  
  20  1:51  Marine  
  21  1:57  Barracks  
  21  2:02  SCV  
  22  2:09  Marine  
  22  2:13  Supply Depot  
  23  2:21  SCV  
  24  2:27  Marine  
  25  2:38  SCV  
  25  2:41  Supply Depot  
  25  2:43  Marine  
  27  2:45  Marine  
  28  2:51  Barracks  
  28  3:01  Marine  
  28  3:02  Marine  
  30  3:09  Factory  
  30  3:19  Marine  
  31  3:20  Marine  
  32  3:37  Marine  
  32  3:38  Marine  
  32  3:39  Marine  
  35  3:47  Command Center  
  35  3:55  Marine  
  36  3:56  Marine  
  28  4:25  Marine x3  
  31  4:31  Barracks  
  31  4:35  Engineering Bay  
  31  4:43  Marine x3  
  33  5:01  Marine x3  
  35  5:18  Marine  
  35  5:19  Marine x2  
  38  5:22  Barracks Reactor  
  38  5:36  Marine x2  
  38  5:37  Marine  
  38  5:40  SCV  
  42  5:52  SCV  
  42  5:54  Marine x3  
  42  6:12  Marine x3  
  45  6:21  Marine x2  
  46  6:30  Marine x3  
  49  6:38  Marine  
  49  6:39  Marine  
  44  6:57  Barracks  
Tags
 
Add a new tag
Caveats
  • Supply blocks, unpowered buildings, or Contaminate may cause inaccurate times.
  • Supply counts are checked every 10 seconds.